 Dungeon Crawl Stone Soup version 0.27.1-34-g3ba077fa99 (webtiles) character file.

Game seed: 9398157241870648328

63 fishdoom the Firebug (level 3, -7/24 HPs)
             Began as a Demonspawn Fire Elementalist on Jan 27, 2022.
             Killed from afar by Ijyb (9 damage)
             ... with a bolt of acid
             ... on level 3 of the Dungeon.
             The game lasted 00:07:40 (2572 turns).

fishdoom the Firebug (Demonspawn Fire Elementalist) Turns: 2572, Time: 00:07:40

Health: -7/24      AC:  2    Str:  8    XL:     3   Next: 89%
Magic:  2/6        EV: 12    Int: 17    God:
Gold:   41         SH:  0    Dex: 13    Spells: 5/6 levels left

rFire    . . .     SeeInvis .   b - +1 whip (venom)
rCold    . . .     Faith    .   (no shield)
rNeg     . . .     Spirit   .   a - +0 robe
rPois    .         Reflect  .   (no helmet)
rElec    .         Harm     .   (no cloak)
rCorr    .         Rampage  .   (no gloves)
Will     .....                  (no boots)
Stlth    ++........             (no amulet)
HPRegen  0.08/turn              (no ring)
MPRegen  0.10/turn              (no ring)

@: no status effects
A: foul stench 1
a: no special abilities


You were on level 3 of the Dungeon.
You visited 1 branch of the dungeon, and saw 3 of its levels.

You collected 41 gold pieces.

Inventory:

Hand Weapons
 b - a +1 whip of venom (weapon)
Armour
 a - a +0 robe (worn)
Jewellery
 g - an amulet of guardian spirit
Scrolls
 c - 2 scrolls of identify {unknown}
 d - a scroll of immolation {unknown}
 e - a scroll of silence {unknown}
 f - a scroll of vulnerability {unknown}


   Skills:
 + Level 0.2 Maces & Flails
 + Level 2.0 Dodging
 + Level 2.1 Stealth
 + Level 0.1 Unarmed Combat
 + Level 2.4 Spellcasting
 + Level 1.5 Conjurations
 + Level 3.6 Fire Magic


You had 5 spell levels left.
You knew the following spells:

 Your Spells              Type           Power      Damage    Failure   Level
a - Foxfire               Conj/Fire      40%        2x1d6     6%          1

Your spell library contained the following spells:

 Spells                   Type           Power      Damage    Failure   Level
 Conjure Flame            Conj/Fire      10%        6-21      19%         3
 Inner Flame              Hex/Fire       8%         N/A       26%         3
 Sticky Flame             Conj/Fire      10%        2d3       54%         4
 Fireball                 Conj/Fire      5%         3d5       87%         5


Dungeon Overview and Level Annotations

Branches:
Dungeon (3/15)

Altars:

Annotations:
D:3 Ijyb


Innate Abilities, Weirdness & Mutations

You may rarely emit foul miasma when damaged in melee.


Message History

Ijyb screams, "Me stronger than you!"
A giant cockroach comes into view.
Casting: Foxfire (safe; 6% risk of failure)
Confirm with . or Enter, or press ? or * to list all spells.
You conjure some foxfire!
The foxfire hits Ijyb.
Ijyb is heavily wounded.
The foxfire hits Ijyb but does no damage.
Ijyb is heavily wounded.
The foxfire hits Ijyb but does no damage.
Ijyb is heavily wounded.
The foxfire hits Ijyb but does no damage.
Ijyb is heavily wounded.
Casting: Foxfire (safe; 6% risk of failure)
Confirm with . or Enter, or press ? or * to list all spells.
You conjure some foxfire!
The foxfire hits Ijyb.
Ijyb is severely wounded.
Ijyb zaps a wand.
The bolt of acid hits your foxfire!!
Your foxfire is splashed with acid!
The acid corrodes your foxfire! The bolt of acid hits you.
The acid corrodes you!
You are splashed with acid!
* * * LOW HITPOINT WARNING * * *
The foxfire hits Ijyb but does no damage.
Ijyb is severely wounded.
Ijyb zaps a wand.
The bolt of acid misses you.
The foxfire hits Ijyb but does no damage.
Ijyb is severely wounded.
You open the door.
There is an open door here.
There's a creature in the doorway!
You closely miss the giant cockroach. The giant cockroach bites you.
* * * LOW HITPOINT WARNING * * *
You barely miss the giant cockroach. The giant cockroach bites you.
* * * LOW HITPOINT WARNING * * *
You closely miss the giant cockroach. The giant cockroach closely misses you.
The giant cockroach bites you.
* * * LOW HITPOINT WARNING * * *
You are no longer corroded.
The giant cockroach bites you.
* * * LOW HITPOINT WARNING * * *
Ijyb zaps a wand.
The bolt of acid hits you!
You die...

+..............
#..............
#..............
#.............. ≈
#'#...#'#..#+#####..
##.#...#.##.........
##.g#####..###....#
#........)..##..#.# #..
#.....♣.B@..♣...'....# #..
#.##.........).##..#.###..
.. ##..#####..####........
# ##. #.##.###.###P≈≈ #+
#. #......#P.≈≈ ..
#####..#P≈≈♣ ... #...P≈≈.
.... #.#.#.## .... #.....#


You could see Ijyb and a giant cockroach.

Vanquished Creatures
  An adder (D:2)
  A dart slug (D:1)
  5 bats
  3 endoplasms
  5 giant cockroaches
  5 goblins
  4 hobgoblins
  4 jackals (D:2)
  A quokka (D:2)
  8 ball pythons
  3 frilled lizards
  3 kobolds
  5 rats
48 creatures vanquished.

Vanquished Creatures (others)
  86 foxfires
  5 plants (D:3)
91 creatures vanquished.

Grand Total: 139 creatures vanquished

Notes
Turn   | Place    | Note
-------+----------+-------------------------------------------
     0 | D:1      | fishdoom the Demonspawn Fire Elementalist began the quest
                  | for the Orb.
     0 | D:1      | Reached XP level 1. HP: 13/13 MP: 3/3
   252 | D:1      | Reached skill level 3 in Fire Magic
   362 | D:1      | Found a faded altar of an unknown god.
   406 | D:1      | Gained mutation: You may rarely emit foul miasma when
                  | damaged in melee. [demonic ancestry]
   406 | D:1      | Reached XP level 2. HP: 19/19 MP: 3/5
  1336 | D:2      | Reached XP level 3. HP: 24/24 MP: 0/6
  2544 | D:3      | Noticed Ijyb
  2572 | D:3      | Killed from afar by Ijyb

Illustrated notes

Levels and vault maps discovered:
D:1:      dpeg_arrival_line_fractal, layout_basic, basic_ecumenical_altar,
          minmay_misc_feat_hallway
D:2:      layout_basic
D:3:      layout_basic, nzn_wu_jian_council_hall, hex_tiny, grunt_ministairs_15,
          serial_bayou_ford_a, serial_bayou_lagoon_a, serial_park_tiny_pond,
          uniq_sigmund, uniq_ijyb, uniq_jessica

Skill      XL: |  1  2  3 |
---------------+----------+-----
Fire Magic     | 3 |  3.6
Stealth        | 2 |  2.1
Dodging        | 2 |  2.0
Maces & Flails | |  0.2
Unarmed Combat | |  0.1
Spellcasting   | |  2.4
Conjurations   | |  1.5

Action                   || total
-------------------------++-------
Melee: Unarmed           ||     3
       Whip              ||    46
 Cast: Foxfire           ||    52
 Stab: Sleeping          ||     1
Armor: Robe              ||    10
Dodge: Dodged            ||    29
